 Dungeon Crawl Stone Soup version 0.29.1-15-g9cfb28693d (webtiles) character file.

Game seed: 11014210607677182538

0 chaostorm the Shooter (level 1, -2/12 HPs)
             Began as a Tengu Hunter on Apr 6, 2023.
             Slain by a ball python (3 damage)
             ... on level 1 of the Dungeon.
             The game lasted 00:02:41 (84 turns).

chaostorm the Shooter (Tengu Hunter)                  Turns: 84, Time: 00:02:42

Health: -2/12      AC:  3    Str: 11    XL:     1   Next: 10%
Magic:  2/2        EV: 12    Int:  9    God:
Gold:   0          SH:  0    Dex: 17    Spells: 0/0 levels left

rFire   . . .      SeeInvis .   a - +0 shortbow
rCold   . . .      Faith    .   (shield currently unavailable)
rNeg    . . .      Spirit   .   c - +0 leather armour
rPois   .          Reflect  .   (helmet restricted)
rElec   .          Harm     .   (no cloak)
rCorr   .          Rampage  .   (no gloves)
Will    .....                   (boots unavailable)
Stlth   ++........              (no amulet)
HPRegen 0.04/turn               (no ring)
MPRegen 0.08/turn               (no ring)

@: no status effects
A: beak, talons 3
a: no special abilities


You were on level 1 of the Dungeon.
You visited 1 branch of the dungeon, and saw 2 of its levels.

Inventory:

Hand Weapons
 a - a +0 shortbow (weapon)
Armour
 c - a +0 leather armour (worn)
Scrolls
 b - a scroll of immolation
 d - a scroll of amnesia


   Skills:
 + Level 2.0 Fighting
 + Level 4.3 Ranged Weapons
 + Level 2.2 Dodging
 + Level 1.0 Stealth


You couldn't memorise any spells.
You didn't know any spells.
Your spell library was empty.

Dungeon Overview and Level Annotations

Branches:
Dungeon (2/15) Zot: 11906

Altars:


Innate Abilities, Weirdness & Mutations

You have a beak for a mouth.
You have claws for feet.


Message History

You escape the ball python's grasp.
The goblin attacks as you move away! The goblin barely misses you.
The goblin attacks as you move away! The goblin hits you but does no damage.
You enter the shallow water.
Moving in this stuff is going to be slow.
The ball python attacks as you move away!
The ball python barely misses you. x2; The ball python bites you.
* * * LOW HITPOINT WARNING * * *
The ball python grabs you. The ball python constricts you.
You are too injured to fight recklessly!
You escape the ball python's grasp.
The ball python bites you but does no damage.
The ball python closely misses you.
Press: ? - help, v - describe, . - travel
Here: a ball python The floor, spattered with blood.
There are monsters nearby!
You are too injured to fight recklessly!
Really attack while wielding your +0 shortbow? [Y]es or [N]o only, please.
Really attack while wielding your +0 shortbow?
Okay, then.
As you read the scroll labelled IXAACU EMENOSHITT, it crumbles to dust.
It is a scroll of amnesia.
You feel forgetful for a moment. The goblin closely misses you.
The ball python completely misses you. The ball python closely misses you.
The ball python attacks as you move away!
The ball python barely misses you. The ball python closely misses you.
The ball python bites you.
* * * LOW HITPOINT WARNING * * *
The ball python misses you.
The ball python attacks as you move away!
The ball python barely misses you.
The ball python attacks as you move away!
The ball python closely misses you. The ball python barely misses you.
The goblin attacks as you move away! The goblin hits you but does no damage.
You enter the shallow water.
Moving in this stuff is going to be slow.
The ball python closely misses you. x2; The ball python bites you.
You die...

######.>..####.......~~~
....#..@S....).......P~~
.#....~Sg~~~~...$....~~
!...#..~..[..~......~P~P
##...........~..!...P~~~
#..~~~~~~~..~......~~PP
#..~.....~..~[##...~~~P
#..~..~<....~.###..###.
#..~..~~~~~~~........ .
#..~.^.........##.#####
#..~.....~.$##.##.#
#..~~~~~~~........#
##...!..........###
......########. #####.


You could see a goblin and 2 ball pythons.

Vanquished Creatures
  A kobold (D:1)
1 creature vanquished.

Vanquished Creatures (others)
  A plant (D:1)
1 creature vanquished.

Grand Total: 2 creatures vanquished

Notes
Turn   | Place    | Note
-------+----------+-------------------------------------------
     0 | D:1      | chaostorm the Tengu Hunter began the quest for the Orb.
     0 | D:1      | Reached XP level 1. HP: 12/12 MP: 2/2
     1 | D:1      | You fall into a shaft and drop 1 floor!
    84 | D:1      | Slain by a ball python

Illustrated notes

Levels and vault maps discovered:
D:1:      ebering_hopf_link, layout_loops_cross, serial_bayou,
          serial_bayou_lake_a, serial_bayou_pond_c, serial_bayou_shore_a,
          serial_bayou_pond_a
D:2:      layout_rooms, basic_altar,
          hellmonk_ecumenical_altar_pennies_from_heaven

Action                   || total
-------------------------++-------
 Fire: Shortbow          ||     9
  Use: Scroll            ||     1
Armor: Leather armour    ||     7
Dodge: Dodged            ||    26
